 Dungeon Crawl Stone Soup version 0.20.1-1-g8b1a95d (webtiles) character file.

10479 Fisto the Basher (level 11, -1/89 HPs)
             Began as a Barachi Fighter on Nov 20, 2017.
             Was a Believer of Elyvilon.
             Succumbed to a kobold's poison
             ... on level 8 of the Dungeon on Nov 21, 2017.
             The game lasted 01:37:29 (14768 turns).

Fisto the Basher (Barachi Fighter)                 Turns: 14768, Time: 01:37:29

Health: -1/89      AC: 13    Str: 19    XL:     11   Next: 62%
Magic:  12/12      EV:  9    Int: 10    God:    Elyvilon [**....]
Gold:   732        SH:  0    Dex: 12    Spells: 10/10 levels left

rFire    x . .     SeeInvis .   G - +1 shortbow (flame)
rCold    + . .     Gourm    +   (shield currently unavailable)
rNeg     . . .     Faith    .   e - +0 chain mail
rPois    .         Spirit   .   (no helmet)
rElec    .         Reflect  .   (no cloak)
rCorr    .         Harm     .   (no gloves)
MR       +....                  t - +0 pair of boots
Stlth    ..........             o - amulet of the gourmand
Regen    0.3/turn               k - ring of ice
MPRegen  0.2/turn               F - ring of flight

@: lethally poisoned (-1 -> -52), very slightly contaminated, slow
A: +LOS, swims, talons 1, clever 1, magic resistance 1, slowness 1, weak 1,
strong legs 1
a: Hop, Lesser Healing, Heal Other, Divine Protection, Renounce Religion, Evoke
Flight


You were on level 8 of the Dungeon.
You worshipped Elyvilon.
Elyvilon was pleased with you.
You were not hungry.

You visited 3 branches of the dungeon, and saw 11 of its levels.
You also visited: Ossuary.

You collected 732 gold pieces.

Inventory:

Hand Weapons
 a - a +5 morningstar
 j - a +0 hunting sling
 C - a +7 flail
 E - a +2 trident of protection
 G - a +1 shortbow of flaming (weapon)
Missiles
 h - 238 arrows (quivered)
 l - 84 stones
 p - 5 tomahawks
 s - 8 tomahawks of returning
 y - 34 sling bullets
Armour
 c - a +1 shield
 e - a +0 chain mail (worn)
 r - a +2 ring mail of fire resistance
 t - a +0 pair of boots (worn)
 w - a +0 large shield
 P - a +1 leather armour of poison resistance
Jewellery
 k - a ring of ice (left hand)
 o - an amulet of the gourmand (around neck)
 z - an uncursed amulet of regeneration
 F - a ring of flight (right hand)
Wands
 d - a wand of iceblast (3/15)
 u - a wand of digging (13/24)
 D - a wand of lightning (0/15)
Scrolls
 b - 2 scrolls of identify
 g - 2 scrolls of magic mapping
 n - 3 scrolls of teleportation
 v - 6 scrolls of remove curse
 O - a scroll of enchant armour
Comestibles
 f - 2 bread rations
 m - 3 royal jellies
 x - 3 meat rations
 B - 4 fruits


   Skills:
 + Level 9.6 Fighting
 + Level 10.9 Maces & Flails
 + Level 4.3 Polearms
 + Level 5.0 Slings
 + Level 9.8 Armour
 + Level 3.3 Dodging
 + Level 1.6 Stealth
 + Level 8.3 Shields
 + Level 0.8 Invocations
 + Level 2.1 Evocations


You had 10 spell levels left.
You didn't know any spells.

Dungeon Overview and Level Annotations

Branches:
Dungeon (9/15)             Temple (1/1) D:7            Lair (1/6) D:8
    Orc: D:9-12

Altars:
Ashenzari
Cheibriados
Dithmenos
Elyvilon
Fedhas
Gozag
Hepliaklqana
Kikubaaqudgha
Makhleb
Nemelex Xobeh
Okawaru
Qazlal
Ru
Sif Muna
Trog
Uskayaw
Vehumet
Xom
Yredelemnul
Zin
The Shining One

Shops:
D:6 (


Innate Abilities, Weirdness & Mutations

Shadows flee at your approach. (+LOS)
You can swim through water.
You cover ground slowly.
You can hop short distances.
You have sharp toenails.
Your mind is acute. (Int +2)
You are resistant to hostile enchantments. (MR+)
You are weak. (Str -2)


Message History

* * * LOW HITPOINT WARNING * * *
You feel very sick.
The kobold shoots a poisoned needle.
The poisoned needle hits you!
You are more poisoned.
The kobold throws a stone.
The stone hits you but does no damage.
The kobold shoots a poisoned needle.
The poisoned needle barely misses you.
You see here a poisoned needle.
Blink to where?
Press: ? - help, Dir - move target cursor
As you read the scroll of blinking, it crumbles to dust.
* * * LOW HITPOINT WARNING * * *
You feel very sick.
The big kobold throws a stone.
The stone barely misses you.
The kobold shoots a poisoned needle.
The poisoned needle barely misses you.
* * * LOW HITPOINT WARNING * * *
You feel very sick.
The kobold throws a stone.
The stone hits you but does no damage.
You climb upwards.
You are ready to hop once more.
You die...

.# #.......# .#
#.......## #####
#.......^# ....##
##.....#.# .#...#####
##...##.[ .#.......#
###.####
.###.###.###############
#.# # .# #.#
#....#..........# #.# ##
#.######.....@/.....#
#.# #
#...#.>.............#
#.#
###...#########.....##
#.# ######.####
#..##..## #)####
##.........#
##.###[[###.....
#..#######.# #.#
##.[.#..... #.##
#.###### #.# ###...รท...
..# #......###.#
##.<[... ..#
######..##.# #.......


There were no monsters in sight!

Vanquished Creatures
  2 two-headed ogres
  The ghost of solaricas the Spear-Bearer, a novice MiBe of Trog (D:7)
  An unseen horror (D:8)
  A troll (D:9)
  A hornet (Temple)
  A polar bear (Lair:1)
  5 blink frogs (Lair:1)
  4 hippogriffs
  A wyvern (D:8)
  4 yaks (Lair:1)
  A basilisk (Lair:1)
  A hungry ghost (D:7)
  2 water moccasins (Lair:1)
  A sky beast (D:8)
  An ice beast (D:6)
  4 orc warriors
  4 phantoms
  2 ogres
  7 centaurs
  4 bullfrogs
  3 scorpions
  16 wights
  7 howler monkeys
  6 crimson imps
  A quasit (D:7)
  2 bullfrog zombies
  4 jellies
  4 orc priests
  A centaur skeleton (D:5)
  2 hounds
  11 orc wizards
  4 iguanas
  10 worker ants
  A killer bee zombie (D:7)
  A big kobold zombie (Ossuary)
  2 hound zombies
  A hound skeleton (D:6)
  8 mummies (Ossuary)
  A worker ant zombie (D:9)
  3 gnolls (D:6)
  10 adders
  2 shadow imps
  3 oozes
  A worm zombie (D:7)
  A worm (D:3)
  2 adder skeletons
  A dart slug (D:3)
  4 leopard geckos
  36 orcs
  4 ball pythons
  5 giant cockroaches
  14 hobgoblins
  12 jackals
  8 kobolds
  4 quokkas
  5 bats
  5 frilled lizards
  6 goblins
  A hobgoblin zombie (Ossuary)
  A jackal skeleton (D:4)
  3 kobold zombies (Ossuary)
  3 orc zombies (Ossuary)
  A quokka skeleton (D:6)
  A quokka zombie (D:8)
  6 rats
275 creatures vanquished.

Notes
Turn   | Place    | Note
-------+----------+-------------------------------------------
     0 | D:1      | Fisto the Barachi Fighter began the quest for the Orb.
     0 | D:1      | Reached XP level 1. HP: 18/18 MP: 1/1
     6 | D:1      | Noticed a swamp worm
     6 | D:1      | Noticed a water moccasin
     6 | D:1      | Noticed a four-headed hydra
   134 | D:1      | Reached XP level 2. HP: 25/25 MP: 2/2
   773 | D:2      | Reached XP level 3. HP: 29/30 MP: 3/3
  1550 | D:2      | Reached XP level 4. HP: 35/37 MP: 4/4
  1677 | D:2      | Gained mutation: You are weak. (Str -2) [potion of mutation]
  1677 | D:2      | Gained mutation: You evolve. [potion of mutation]
  1677 | D:2      | Gained mutation: You have sharp toenails. [potion of mutation]
  1840 | D:3      | Reached skill level 1 in Slings
  2300 | D:2      | Reached XP level 5. HP: 25/43 MP: 5/5
  2568 | D:3      | Gained mutation: Your mind is acute. (Int +2) [evolution]
  3441 | D:4      | Reached XP level 6. HP: 47/49 MP: 6/6
  3444 | D:4      | Reached skill level 5 in Armour
  3629 | D:5      | Entered Level 5 of the Dungeon
  3808 | D:5      | Reached skill level 1 in Maces & Flails
  3808 | D:5      | Reached skill level 1 in Dodging
  3808 | D:5      | Reached skill level 1 in Stealth
  4107 | D:5      | Reached XP level 7. HP: 55/55 MP: 7/7
  4129 | D:5      | Reached skill level 5 in Fighting
  4355 | D:5      | Reached skill level 2 in Maces & Flails
  5417 | D:6      | Reached XP level 8. HP: 63/63 MP: 8/8
  5420 | D:6      | Reached skill level 3 in Maces & Flails
  5508 | D:6      | Found Fitil's Weapon Shoppe.
  5711 | D:6      | Noticed a two-headed ogre
  5724 | D:6      | Killed a two-headed ogre
  5724 | D:6      | Reached skill level 5 in Maces & Flails
  5724 | D:6      | Reached skill level 5 in Shields
  5724 | D:6      | Reached skill level 1 in Evocations
  5733 | D:6      | Reached XP level 9. HP: 64/71 MP: 9/9
  5961 | D:6      | Reached skill level 6 in Maces & Flails
  6184 | D:6      | Gained mutation: You are resistant to hostile enchantments. (MR+) [evolution]
  6184 | D:6      | Lost mutation: You evolve. [end of evolution]
  7825 | D:7      | Found a sand-covered staircase.
  7841 | D:7      | Found a staircase to the Ecumenical Temple.
  7876 | D:7      | Reached skill level 7 in Maces & Flails
  7924 | Ossuary  | Entered an ossuary
  8333 | Temple   | Entered the Ecumenical Temple
  8658 | Temple   | Became a worshipper of Elyvilon the Healer
  8700 | D:7      | Noticed a hornet
  8700 | D:7      | Noticed solaricas's ghost (novice MiBe)
  8732 | D:7      | Paralysed by a hornet for 2 turns
  8739 | Temple   | Killed a hornet
  9040 | D:7      | Killed solaricas's ghost
  9040 | D:7      | Reached skill level 8 in Maces & Flails
  9040 | D:7      | Reached XP level 10. HP: 47/80 MP: 10/10
  9187 | D:7      | Found an iron altar of Okawaru.
  9193 | D:7      | Found a glowing silver altar of Zin.
  9997 | D:7      | Reached skill level 5 in Slings
 10170 | D:8      | Reached skill level 9 in Maces & Flails
 10993 | D:8      | Found a staircase to the Lair.
 11003 | D:8      | Reached * piety under Elyvilon
 11037 | Lair:1   | Entered Level 1 of the Lair of Beasts
 11149 | Lair:1   | Found a snail-covered altar of Cheibriados.
 11528 | Lair:1   | Reached ** piety under Elyvilon
 11608 | Lair:1   | Reached skill level 10 in Maces & Flails
 11608 | Lair:1   | Reached XP level 11. HP: 31/87 MP: 10/12
 12213 | Lair:1   | Noticed an ice dragon
 12357 | Lair:1   | Noticed an eight-headed hydra
 13302 | D:8      | Killed an unseen horror
 13459 | D:9      | Found a shimmering altar of Xom.
 13469 | D:9      | Found a shimmering altar of Xom.
 13469 | D:9      | Found a shimmering altar of Xom.
 13725 | D:9      | Found a shimmering altar of Xom.
 14070 | D:9      | Noticed a purple ugly thing
 14131 | D:8      | Noticed a two-headed ogre
 14239 | D:8      | Killed a two-headed ogre
 14768 | D:8      | Succumbed to a kobold's poison

Skill      XL: |  1  2  3  4  5  6  7  8  9 10 11 |
---------------+----------------------------------+-----
Armour         | 4 5 6 7 8 9 |  9.8
Fighting       | 4 5 6 8 9 |  9.6
Slings         | 1 2 3 4 5 |  5.0
Polearms       | 3 4 |  4.3
Shields        | 4 5 6 7 8 |  8.3
Maces & Flails | 1 2 5 8 10 | 10.9
Dodging        | 1 2 3 |  3.3
Stealth        | 1 |  1.6
Evocations     | 1 2 |  2.1
Invocations    | |  0.8

Action                   |  1- 3 |  4- 6 |  7- 9 | 10-12 || total
-------------------------+-------+-------+-------+-------++-------
Melee: Trident           |    79 |   145 |    30 |    25 ||   279
       Kick              |       |    36 |    24 |       ||    60
       Mace              |       |    39 |       |       ||    39
       Morningstar       |       |    29 |    42 |       ||    71
       Flail             |       |       |   317 |   411 ||   728
 Fire: Hunting sling     |    32 |    29 |    84 |    16 ||   161
       Shortbow          |       |       |       |    14 ||    14
Invok: Lesser Healing    |       |       |       |     4 ||     4
       Heal Other        |       |       |       |     1 ||     1
       Divine Protection |       |       |       |     1 ||     1
 Abil: Hop               |     3 |     4 |     6 |     6 ||    19
Evoke: Wand              |       |       |     3 |    12 ||    15
  Use: Scroll            |     6 |     9 |     4 |    17 ||    36
       Potion            |       |     8 |     2 |     9 ||    19
  Eat: Chunk             |     3 |    24 |    15 |    22 ||    64
       Bread ration      |       |       |     1 |       ||     1
       Fruit             |       |       |     1 |       ||     1
Armor: Scale mail        |    27 |    37 |       |       ||    64
       Chain mail        |       |    57 |   180 |   307 ||   544
       Skin              |       |       |       |     4 ||     4
Dodge: Dodged            |    20 |    52 |    85 |   158 ||   315
Block: Shield            |    39 |   111 |   231 |   301 ||   682
